 Dungeon Crawl Stone Soup version 0.27-a0-1232-gc6a4cbde82 (webtiles) character file.

Game seed: 247938393867150397

18398 pokeman the Eclecticist (level 12, -28/67 HPs)
             Began as a Deep Elf Hedge Wizard on June 8, 2021.
             Was an Elder of Vehumet.
             Annihilated by a boulder beetle (38 damage)
             ... on level 13 of the Dungeon.
             The game lasted 00:48:05 (15671 turns).

pokeman the Eclecticist (Deep Elf Hedge Wizard)    Turns: 15671, Time: 00:48:06

Health: -28/67     AC: 15    Str:  7    XL:     12   Next: 27%
Magic:  22/34      EV: 11    Int: 25    God:    Vehumet [****..]
Gold:   597        SH:  0    Dex: 12    Spells: 25/43 levels left

rFire    + + +     SeeInvis .   h - staff of fire
rCold    . . .     Faith    .   (no shield)
rNeg     . . .     Spirit   .   H - +0 acid dragon scales
rPois    +         Reflect  .   F - +2 hat
rElec    .         Harm     .   z - +1 cloak of Indecent Exposure {Rampage rPois rF++ Dex-2}
rCorr    +         Rampage  +   (no gloves)
Will     +....                  (no boots)
Stlth    ++........             (no amulet)
HPRegen  0.21/turn              o - +4 ring of protection
MPRegen  0.24/turn              E - ring of flight

@: flying, studying Throwing
A: no striking features
a: Renounce Religion


You were on level 13 of the Dungeon.
You worshipped Vehumet.
Vehumet was greatly pleased with you.
You visited 2 branches of the dungeon, and saw 14 of its levels.

You collected 597 gold pieces.

Inventory:

Hand Weapons
 s - a +1 morningstar of venom
 y - a +0 shortbow
 K - a +2 spear of distortion
 W - a +2 hand crossbow of freezing
Missiles
 g - 188 arrows
 t - 2 throwing nets
 x - 191 bolts
 C - 10 atropa-tipped darts
 L - 2 curare-tipped darts
Armour
 e - a +0 kite shield
 z - the +1 cloak of Indecent Exposure (worn) {Rampage rPois rF++ Dex-2}
   (You found it on level 5 of the Dungeon)

   It affects your dexterity (-2).
   It greatly protects you from fire.
   It protects you from poison.
   It bestows one free step when moving towards enemies.
 F - a +2 hat (worn)
 H - +0 acid dragon scales (worn)
 J - a +0 troll leather armour
Magical Staves
 h - a staff of fire (weapon)
 Q - a staff of cold
Jewellery
 o - a +4 ring of protection (left hand)
 E - a ring of flight (right hand)
Wands
 d - a wand of acid (12)
 p - a wand of flame (19)
 M - a wand of iceblast (17)
 P - a wand of paralysis (9)
 U - a wand of digging (7)
Scrolls
 b - 2 scrolls of torment {unknown}
 f - a scroll of brand weapon {unknown}
 k - 4 scrolls of identify {unknown}
 l - 4 scrolls of enchant weapon {unknown}
 m - 2 scrolls of immolation {unknown}
 v - 3 scrolls of amnesia {unknown}
 A - 2 scrolls of magic mapping {unknown}
 N - 2 scrolls of blinking {unknown}
 O - a scroll of enchant armour {unknown}
 R - a scroll of summoning {unknown}
 S - 2 scrolls of noise {unknown}
Potions
 a - 5 potions of curing
 c - 3 potions of cancellation {unknown}
 i - 3 potions of heal wounds {unknown}
 j - 3 potions of flight {unknown}
 n - 2 potions of attraction {unknown}
 q - a potion of lignification {unknown}
 r - 3 potions of magic {unknown}
 u - 3 potions of mutation {unknown}
 B - 2 potions of resistance
 D - a potion of invisibility {unknown}
 G - a potion of ambrosia {unknown}
 I - 2 potions of haste {unknown}
 T - a potion of berserk rage {unknown}
 V - a potion of might {unknown}


   Skills:
 - Level 4.5 Fighting
 - Level 4.1 Armour
 - Level 3.0 Dodging
 - Level 3.0 Stealth
 + Level 3.7 Shields
 * Level 16.2 Spellcasting
 + Level 10.0 Conjurations
 - Level 1.1 Summonings
 - Level 1.1 Translocations
 + Level 9.3 Fire Magic
 - Level 2.1 Ice Magic
 - Level 1.1 Air Magic
 - Level 1.1 Poison Magic
 - Level 1.1 Evocations


You had 25 spell levels left.
You knew the following spells:

 Your Spells              Type           Power      Damage    Failure   Level
a - Magic Dart            Conj           100%       1d8       1%          1
b - Mephitic Cloud        Conj/Pois/Air  40%        N/A       1%          3
c - Call Imp              Summ           25%        N/A       4%          2
d - Blink                 Tloc           N/A        N/A       4%          2
e - Conjure Flame         Conj/Fire      80%        6-21      1%          3
f - Foxfire               Conj/Fire      100%       2x1d9     1%          1
g - Freezing Cloud        Conj/Ice/Air   21%        6-21      28%         6

Your spell library contained the following spells:

 Spells                   Type           Power      Damage    Failure   Level
 Iskenderun's Mystic Bla  Conj/Tloc      48%        2d11      1%          4
 Poisonous Vapours        Pois/Air       50%        N/A       1%          2
 Animate Skeleton         Necr           40%        N/A       4%          1
 Pain                     Necr           80%        1d8       4%          1
 Slow                     Hex            20%        N/A       7%          2
 Gell's Gravitas          Tloc           12%        N/A       9%          3
 Confusing Touch          Hex            20%        N/A       14%         3
 Vampiric Draining        Necr           10%        2d7       14%         3
 Yara's Violent Unravell  Hex/Tmut       10%        3d6       32%         5
 Animate Dead             Necr           10%        N/A       43%         4
 Petrify                  Tmut/Erth      20%        N/A       43%         4
 Metabolic Englaciation   Hex/Ice        12%        N/A       63%         5
 Agony                    Necr           20%        N/A       78%         5


Dungeon Overview and Level Annotations

Branches:
Dungeon (13/15)            Temple (1/1) D:5            Lair (0/6) D:11
    Orc (0/2) D:9
 Vaults: D:13-14

Altars:
Ashenzari
Cheibriados
Dithmenos
Elyvilon
Fedhas
Gozag
Hepliaklqana
Kikubaaqudgha
Makhleb
Nemelex Xobeh
Okawaru
Qazlal
Ru
Sif Muna
Trog
Uskayaw
Vehumet
Wu Jian
Xom
Yredelemnul
Zin
The Shining One

Shops:
D:6 *   D:7 *


Message History

Aiming: Mephitic Cloud (safe; 1% risk of failure)
Press: ? - help, Shift-Dir - straight line, f - boulder beetle
Aim: a boulder beetle (rolling, not susceptible)
The ball explodes into a vile cloud!
The stinking cloud engulfs the boulder beetle but does no damage.
The boulder beetle is engulfed in noxious fumes. x2
The boulder beetle hits you!!!
Ouch! That really hurt!
* * * LOW HITPOINT WARNING * * *
The boulder beetle stops rolling and uncurls.
Unknown command.
The boulder beetle is engulfed in noxious fumes.
The boulder beetle curls into a ball and begins rolling!
You see here a vampire mosquito corpse.
Casting: Mephitic Cloud (safe; 1% risk of failure)
Confirm with . or Enter, or press ? or * to list all spells.
You blink.
Casting: Blink (safe; 4% risk of failure)
Confirm with . or Enter, or press ? or * to list all spells.
You blink.
Casting: Blink (safe; 4% risk of failure)
Confirm with . or Enter, or press ? or * to list all spells.
You blink.
There is an open door here.
Casting: Blink (safe; 4% risk of failure)
Confirm with . or Enter, or press ? or * to list all spells.
You blink.
The demonic crawler hits you but does no damage. x2
The demonic crawler hits you.
* * * LOW HITPOINT WARNING * * *
The demonic crawler hits you.
* * * LOW HITPOINT WARNING * * *
The demonic crawler hits you.
* * * LOW HITPOINT WARNING * * *
The demonic crawler hits you but does no damage.
Casting: Blink (safe; 4% risk of failure)
Confirm with . or Enter, or press ? or * to list all spells.
You blink.
The boulder beetle hits you!!!
Ouch! That really hurt!
You die...

######### ########
#........
#......####.......(
+......#..'........ #
#..§.°.#.##.<...... #.
####..s○.°'.##........
##.##....@B...####........
......$..†.....# #........
########.#+##### ######+##
#.#.#(#.#.# #.#.##.○.#
.#.#.#.)## #.#.##..#
#.#.#.#.+####
)#.#.#......#


You could see a boulder beetle (rolling) and a demonic crawler.

Vanquished Creatures
  2 hydras (D:12)
  A centaur warrior (D:12)
  2 boulder beetles
  3 two-headed ogres
  2 deep elf pyromancers (D:12)
  Pikel (D:4)
  An ugly thing (D:12)
  A manticore (D:12)
  An oklob plant (D:6)
  An unseen horror (D:11)
  3 kobold demonologists
  A komodo dragon (D:11)
  A demonic crawler (D:13)
  5 trolls
  A hornet (D:11)
  A wraith (D:12)
  A shadow (D:10)
  4 vampires
  A yak (D:11)
  Eustachio (D:5)
  A human (D:9)
  A vampire mosquito (D:13)
  3 steam dragons
  Edmund (D:6)
  2 acid dragons
  2 water moccasins
  2 black bears
  8 orc warriors
  An ice beast (D:8)
  4 sky beasts
  5 ogres
  6 centaurs
  4 lemures (D:4)
  6 kobold brigands
  4 bullfrogs
  2 gnoll sergeants (D:9)
  4 scorpions
  5 killer bees (D:7)
  3 wights (D:8)
  An electric eel (D:10)
  9 howler monkeys
  A bullfrog zombie (D:5)
  3 centaur zombies
  A centaur skeleton (D:5)
  16 jellies
  3 hounds
  10 orc priests
  A gnoll shaman (D:7)
  Jessica (D:3)
  2 iguanas
  14 orc wizards
  Ijyb (D:5)
  2 hound skeletons (D:4)
  2 howler monkey zombies
  12 gnolls
  7 adders
  An adder skeleton (D:2)
  A worm (D:2)
  4 dart slugs
  31 orcs
  15 endoplasms
  2 giant cockroaches
  13 hobgoblins
  14 jackals
  2 quokkas
  6 ball pythons
  5 bats
  4 frilled lizards
  14 goblins
  29 kobolds
  8 rats
333 creatures vanquished.

Vanquished Creatures (collateral kills)
  A killer bee (D:7)
  Robin (D:2)
  2 gnolls
  An endoplasm (D:4)
  3 goblins (D:2)
  2 kobolds (D:10)
  17 foxfires (D:11)
27 creatures vanquished.

Vanquished Creatures (others)
  766 foxfires
  13 fungi
  16 plants
795 creatures vanquished.

Grand Total: 1155 creatures vanquished

Notes
Turn   | Place    | Note
-------+----------+-------------------------------------------
     0 | D:1      | pokeman the Deep Elf Hedge Wizard began the quest for the
                  | Orb.
     0 | D:1      | Reached XP level 1. HP: 10/10 MP: 7/7
   213 | D:1      | Found a faded altar of an unknown god.
   338 | D:1      | Reached XP level 2. HP: 16/16 MP: 6/9
   806 | D:1      | Reached skill level 5 in Spellcasting
  1017 | D:1      | Reached XP level 3. HP: 20/20 MP: 6/11
  1021 | D:1      | Learned a level 3 spell: Mephitic Cloud
  1024 | D:1      | Learned a level 2 spell: Call Imp
  1027 | D:1      | Learned a level 2 spell: Blink
  1034 | D:1      | Learned a level 3 spell: Conjure Flame
  1623 | D:2      | Noticed Robin
  1627 | D:2      | Reached skill level 1 in Fighting
  1632 | D:2      | HP: 1/20 [goblin/+0 club[Robin] (3)]
  1642 | D:2      | Killed Robin
  1643 | D:2      | Reached skill level 1 in Armour
  2057 | D:2      | Reached XP level 4. HP: 25/25 MP: 1/13
  2978 | D:3      | Reached skill level 6 in Spellcasting
  3002 | D:3      | Reached XP level 5. HP: 24/29 MP: 3/15
  3372 | D:3      | Noticed Jessica
  3379 | D:3      | Killed Jessica
  3485 | D:3      | Reached skill level 1 in Fire Magic
  3822 | D:4      | Found an ancient bone altar of Kikubaaqudgha.
  3917 | D:4      | Found a blossoming altar of Fedhas.
  3917 | D:4      | Noticed a lemure
  3917 | D:4      | Noticed a lemure
  3925 | D:4      | Noticed an ogre
  3940 | D:4      | Killed a lemure
  3942 | D:4      | Killed a lemure
  3945 | D:4      | Killed an ogre
  3946 | D:4      | Reached XP level 6. HP: 21/34 MP: 10/17
  4019 | D:4      | Reached skill level 1 in Evocations
  4081 | D:4      | Noticed Pikel
  4264 | D:4      | Reached skill level 7 in Spellcasting
  4264 | D:4      | Reached skill level 1 in Air Magic
  4349 | D:4      | Reached skill level 1 in Poison Magic
  4856 | D:4      | Reached XP level 7. HP: 35/38 MP: 11/20
  4892 | D:4      | Reached skill level 8 in Spellcasting
  5684 | D:4      | Killed Pikel
  5685 | D:4      | Reached skill level 9 in Spellcasting
  5685 | D:4      | Reached XP level 8. HP: 42/44 MP: 9/23
  5880 | D:5      | Entered Level 5 of the Dungeon
  5880 | D:5      | Found a staircase to the Ecumenical Temple.
  5892 | Temple   | Entered the Ecumenical Temple
  5949 | Temple   | Became a worshipper of Vehumet
  5969 | Temple   | Learned a level 6 spell: Freezing Cloud
  5981 | D:5      | Reached skill level 5 in Conjurations
  6143 | D:5      | Identified the +1 cloak of Indecent Exposure {Rampage rPois
                  | rF++ Dex-2}
  6156 | D:5      | Reached skill level 1 in Ice Magic
  6221 | D:5      | Noticed Ijyb
  6241 | D:5      | Killed Ijyb
  6266 | D:5      | Found a burning altar of Makhleb.
  6414 | D:5      | Reached skill level 10 in Spellcasting
  6745 | D:5      | Noticed Eustachio
  6772 | D:5      | Killed Eustachio
  6873 | D:6      | Found an opulent altar of Gozag.
  7037 | D:6      | Reached XP level 9. HP: 48/48 MP: 18/25
  7132 | D:6      | Noticed Edmund
  7160 | D:6      | Killed Edmund
  7338 | D:6      | Found Zin's Purification Station.
  7343 | D:6      | Found a glowing silver altar of Zin.
  7583 | D:6      | Reached skill level 11 in Spellcasting
  7875 | D:6      | Noticed an oklob plant
  7891 | D:6      | Reached * piety under Vehumet
  7891 | D:6      | Offered knowledge of Foxfire by Vehumet.
  7894 | D:6      | Reached skill level 5 in Fire Magic
  7909 | D:6      | Learned a level 1 spell: Foxfire
  8448 | D:6      | Killed an oklob plant
  8635 | D:7      | Reached skill level 12 in Spellcasting
  8661 | D:7      | Offered knowledge of Static Discharge by Vehumet.
  8664 | D:7      | Reached ** piety under Vehumet
  8870 | D:7      | Reached XP level 10. HP: 56/56 MP: 16/28
  8929 | D:7      | Found a bloodstained altar of Trog.
  8952 | D:7      | Found a shimmering blue altar of Sif Muna.
  8956 | D:7      | Identified Sif Muna's Handbook of Evil Arcane Weapons
  9163 | D:7      | Found Yskaynecyl's Assorted Antiques.
  9607 | D:8      | Noticed a two-headed ogre
  9626 | D:8      | Killed a two-headed ogre
  9794 | D:8      | Noticed a two-headed ogre
  9795 | D:8      | Offered knowledge of Stone Arrow by Vehumet.
  9826 | D:8      | Killed a two-headed ogre
  9827 | D:8      | Reached skill level 13 in Spellcasting
 10638 | D:9      | Reached *** piety under Vehumet
 10683 | D:9      | Offered knowledge of Ignite Poison by Vehumet.
 11186 | D:9      | Found a staircase to the Orcish Mines.
 11400 | D:9      | Reached **** piety under Vehumet
 11401 | D:9      | Reached XP level 11. HP: 61/61 MP: 28/30
 11663 | D:10     | Entered Level 10 of the Dungeon
 11695 | D:9      | Reached skill level 14 in Spellcasting
 11871 | D:10     | Found a basalt altar of Yredelemnul.
 11872 | D:10     | Found a sacrificial altar of Ru.
 12121 | D:10     | Offered knowledge of Iskenderun's Mystic Blast by Vehumet.
 12879 | D:11     | Noticed a boulder beetle
 13117 | D:11     | Killed a boulder beetle
 13118 | D:11     | Reached skill level 1 in Shields
 13175 | D:11     | Found a staircase to the Lair.
 13344 | D:11     | Noticed a two-headed ogre
 13405 | D:11     | Killed a two-headed ogre
 13993 | D:12     | Reached skill level 15 in Spellcasting
 14019 | D:12     | Noticed a deep elf pyromancer
 14026 | D:12     | Killed a deep elf pyromancer
 14077 | D:12     | Noticed a purple ugly thing
 14103 | D:12     | Killed a purple ugly thing
 14402 | D:12     | Noticed a centaur warrior
 14424 | D:12     | Killed a centaur warrior
 14506 | D:12     | Noticed a deep elf pyromancer
 14631 | D:12     | Killed a deep elf pyromancer
 15048 | D:12     | Reached XP level 12. HP: 67/67 MP: 29/33
 15077 | D:12     | Noticed a six-headed hydra
 15088 | D:12     | Killed a six-headed hydra
 15154 | D:12     | Noticed an eight-headed hydra
 15170 | D:12     | Killed an eight-headed hydra
 15319 | D:12     | Reached skill level 16 in Spellcasting
 15603 | D:13     | Noticed a boulder beetle
 15604 | D:13     | Noticed a boulder beetle
 15632 | D:13     | Reached skill level 10 in Conjurations
 15640 | D:13     | Killed a boulder beetle
 15671 | D:13     | Annihilated by a boulder beetle

Illustrated notes

Levels and vault maps discovered:
D:1:      tarquinn_simple_flora_water_a, layout_basic,
          hellmonk_ecumenical_altar_zigzags, minmay_misc_feat_plants
D:2:      layout_rooms, uniq_robin
D:3:      layout_rooms, glass_columns_a, uniq_jessica
D:4:      layout_loops_ring, nicolae_kikubaaqudgha_miasma_corner,
          nicolae_overflow_crystal_walls, serial_forest,
          infiniplex_forest_straight_1, infiniplex_forest_join,
          infiniplex_forest_clump_small, infiniplex_forest_straight_2,
          infiniplex_forest_lined_room_, infiniplex_forest_straight_3,
          infiniplex_forest_clump_large, minmay_manual_moon, uniq_pikel
D:5:      layout_basic, bloody_makhleb, minmay_temple_entry_crystal_x,
          hangedman_abyss_or_decor_lesser_grid, uniq_eustachio, uniq_ijyb
D:6:      lemuel_slime, layout_gridville, nicolae_overflow_hidden_temple,
          zin_purify, uniq_edmund
D:7:      layout_basic, nzn_overflow_gifts_of_might_and_magic, serial_shops,
          nicolae_shop_waterfront
D:8:      layout_rooms
D:9:      layout_roguey, erik_orc_4
D:10:     layout_loops_ring, gammafunk_temple_overflow_statue,
          kennysheep_big_empty_room
D:11:     layout_roguey, grunt_lair_entry_orc_guard_hut
D:12:     layout_roguey, hangedman_misty_isle
D:13:     layout_roguey, einodemon_crawler_minivault
Temple:   cyrus_circular_temple

Skill      XL: |  1  2  3  4  5  6  7  8  9 10 11 12 |
---------------+-------------------------------------+-----
Spellcasting   | 5 6 7 9 10 12 13 15 16 | 16.2
Fighting       | 1 2 3 4 |  4.5
Armour         | 1 2 3 4 |  4.1
Conjurations   | 2 3 4 5 7 8 9 10 | 10.0
Dodging        | 3 |  3.0
Fire Magic     | 1 3 4 5 7 9 |  9.3
Stealth        | 3 |  3.0
Evocations     | 1 |  1.1
Air Magic      | 1 |  1.1
Poison Magic   | 1 |  1.1
Ice Magic      | 2 |  2.1
Shields        | 3 |  3.7
Summonings     | |  1.1
Translocations | |  1.1

Action                   |  1- 3 |  4- 6 |  7- 9 | 10-12 || total
-------------------------+-------+-------+-------+-------++-------
Melee: Spear             |    47 |    20 |       |       ||    67
       Morningstar       |       |    29 |    90 |    69 ||   188
       Staff             |       |       |       |    32 ||    32
 Fire: Hand crossbow     |       |       |    17 |       ||    17
 Cast: Magic Dart        |    84 |   160 |    88 |     9 ||   341
       Call Imp          |     1 |     3 |     1 |    11 ||    16
       Mephitic Cloud    |       |     4 |    22 |    56 ||    82
       Conjure Flame     |       |     3 |    25 |    62 ||    90
       Foxfire           |       |       |    98 |   327 ||   425
       Blink             |       |       |     1 |    25 ||    26
Evoke: Wand              |       |       |     4 |    20 ||    24
 Stab: Sleeping          |     1 |     2 |       |       ||     3
       Confused          |       |     1 |     5 |     5 ||    11
       Paralysed         |       |       |       |     1 ||     1
Armor: Leather armour    |    12 |    27 |    45 |    20 ||   104
       Troll leather arm |       |       |       |    58 ||    58
       Acid dragon scale |       |       |       |    27 ||    27
Dodge: Dodged            |    41 |    51 |    73 |   129 ||   294

Table legend: (Time is in decaauts)
 A = Elapsed time spent in this place.
 B = Non-inter-level travel time spent in this place.
 C = Inter-level travel time spent in this place.
 D = Time resting spent in this place.
 E = Time spent auto-exploring this place.
 F = Levels seen in this place.
 G = Mean time per level.
                   A        B        C        D        E       F      G
               +--------+--------+--------+--------+--------+-----+--------+
         Total |  15793 |  15165 |    628 |   1695 |  10495 |  14 | 1128.1 |
       Dungeon |  15715 |  15099 |    616 |   1695 |  10449 |  13 | 1208.8 |
        Temple |     78 |     66 |     12 |      0 |     46 |   1 |   78.0 |
               +--------+--------+--------+--------+--------+-----+--------+

Top non-repeatable levels by time:
     D:4: 2022 daAuts
     D:6: 1775 daAuts
    D:12: 1659 daAuts
     D:2: 1452 daAuts
    D:11: 1353 daAuts
     D:1: 1303 daAuts
     D:3: 1131 daAuts
     D:7: 1098 daAuts
     D:8: 1082 daAuts
     D:9: 971 daAuts
     D:5: 905 daAuts
    D:10: 875 daAuts
    D:13: 83 daAuts
  Temple: 78 daAuts
